 Dungeon Crawl Stone Soup version 0.30-b1-2-g02819fbbbe (webtiles) character file.

Game seed: 12788097692073428042

653 funkygono the Chopper (level 7, 0/61 HPs)
             Began as a Minotaur Fighter on July 17, 2023.
             Shot with an arrow by a centaur (5 damage)
             ... on level 5 of the Dungeon.
             The game lasted 00:05:00 (3607 turns).

funkygono the Chopper (Minotaur Fighter)            Turns: 3607, Time: 00:05:00

Health: 0/61       AC:  9    Str: 23    XL:     7   Next: 29%
Magic:  15/15      EV: 10    Int:  5    God:
Gold:   129        SH:  6    Dex:  9    Spells: 6/6 levels left

rFire   . . .        a - +3 war axe
rCold   . . .        w - +2 buckler
rNeg    . . .        b - +0 scale mail
rPois   .            (helmet restricted)
rElec   .            (no cloak)
rCorr   .            (no gloves)
SInv    .            s - +1 pair of boots
Will    .....        k - amulet of the acrobat Stlth
                     y - ring of magical power
HPRegen 0.30/turn    (no ring)
MPRegen 0.14/turn

%: acrobat
@: no status effects
A: horns 2, retaliatory headbutt
a: no special abilities


You were on level 5 of the Dungeon.
You visited 1 branch of the dungeon, and saw 5 of its levels.

You collected 129 gold pieces.

Inventory:

Hand Weapons
 a - a +3 war axe (weapon)
Missiles
 e - 79 stones (quivered)
 p - 3 boomerangs
 r - 16 poisoned darts
 v - a throwing net
Armour
 b - a +0 scale mail (worn)
 s - a +1 pair of boots (worn)
 w - a +2 buckler (worn)
Jewellery
 k - an amulet of the acrobat (around neck)
 u - a ring of ice
 y - a ring of magical power (left hand)
Wands
 o - a wand of roots (5)
Scrolls
 g - 4 scrolls of teleportation
 m - a scroll of magic mapping
 n - 2 scrolls of amnesia
 q - a scroll of fear
Potions
 c - 2 potions of degeneration {unknown}
 d - 2 potions of might
 f - 2 potions of heal wounds
 i - 2 potions of flight
 j - a potion of curing {unknown}
 l - 3 potions of mutation
 t - a potion of lignification {unknown}
 x - 3 potions of haste {unknown}


   Skills:
 + Level 5.2 Fighting
 + Level 7.0 Axes
 + Level 5.5 Armour
 + Level 1.1 Dodging
 + Level 0.2 Stealth
 + Level 4.8 Shields


You had 6 spell levels left.
You didn't know any spells.
Your spell library contained the following spells:

 Spells                   Type           Power      Damage    Failure   Level
 Alistair's Intoxication  Tmut/Pois      0%         N/A       100%        5
 Borgnjor's Vile Clutch   Necr/Erth      0%         N/A       100%        5
 Eringya's Noxious Bog    Tmut/Pois      0%         N/A       100%        6


Dungeon Overview and Level Annotations

Branches:
Dungeon (5/15)
 Temple: D:4-7

Altars:
Fedhas
Kikubaaqudgha

Shops:
D:2 =

Annotations:
D:5 1 runed translucent door


Innate Abilities, Weirdness & Mutations

You have a pair of horns on your head.
You reflexively headbutt those who attack you in melee.


Message History

Your attacks no longer feel as feeble.
Your Axes skill increases to level 7!
You barely miss the gnoll. Your headbutt misses the gnoll.
The gnoll hits you with a +0 whip. The gnoll misses you.
You closely miss the gnoll.
You hear the slow hiss of an avalanche of sand nearby.
The gnoll closely misses you.
You slash the gnoll! You headbutt the gnoll.
You kill the gnoll!
A centaur comes into view.
You slash the gnoll!
The gnoll is almost dead.
The centaur wields a +2 shortbow of flaming.
It bursts into flame!
The centaur shoots an arrow.
The arrow hits you! The arrow burns you. The gnoll closely misses you.
The centaur shoots an arrow.
You block the arrow.
You closely miss the gnoll.
The gnoll is almost dead.
You block the gnoll's attack.
The centaur shoots an arrow.
You block the arrow. The gnoll barely misses you.
You slash the gnoll!
You kill the gnoll!
The centaur shoots an arrow.
The arrow hits you! The arrow burns you.
The centaur shoots an arrow.
The arrow hits you. The arrow burns you.
You hit the scorpion.
The scorpion is moderately wounded.
The gnoll is no longer moving quickly.
The scorpion stings you but does no damage.
The centaur shoots an arrow.
The arrow hits you but does no damage.
The scorpion stings you but does no damage.
You slash the scorpion!
You kill the scorpion!
The centaur shoots an arrow.
The arrow hits you.
* * * LOW HITPOINT WARNING * * *
The arrow burns you.
* * * LOW HITPOINT WARNING * * *
The centaur shoots an arrow.
The arrow hits you!
* * * LOW HITPOINT WARNING * * *
The arrow burns you.
You die...

#....# ..).#
[...# ... ... #g#
#)# #g# ####@#
#....#########
#.#........... ..
#........... #.c
#...........
..####...<.......
. ...........####
#######†###....
#.# .###


You could see a centaur, a gnoll bouda and a gnoll.

Vanquished Creatures
  An ogre (D:4)
  A kobold brigand (D:4)
  Blork the orc (D:4)
  A bullfrog (D:4)
  2 scorpions (D:5)
  A hound (D:4)
  An iguana (D:4)
  Natasha (thrice) (D:3)
  8 gnolls
  4 adders
  3 worms
  4 dart slugs
  An orc (D:4)
  An endoplasm (D:3)
  3 giant cockroaches
  7 hobgoblins
  3 quokkas
  5 ball pythons
  3 bats
  2 frilled lizards (D:1)
  5 goblins
  8 kobolds
  5 rats
73 creatures vanquished.

Notes
Turn   | Place    | Note
-------+----------+-------------------------------------------
     0 | D:1      | funkygono the Minotaur Fighter began the quest for the Orb.
     0 | D:1      | Reached XP level 1. HP: 19/19 MP: 0/0
   374 | D:1      | Found a faded altar of an unknown god.
   626 | D:2      | Reached XP level 2. HP: 27/27 MP: 1/1
   658 | D:2      | Found Lisuvus's Jewellery Emporium.
   846 | D:2      | Reached XP level 3. HP: 33/33 MP: 2/2
   870 | D:2      | Found an ancient bone altar of Kikubaaqudgha.
  1423 | D:3      | Noticed Natasha
  1426 | D:3      | Killed Natasha
  1427 | D:3      | Reached skill level 3 in Axes
  1427 | D:3      | Reached XP level 4. HP: 37/40 MP: 3/3
  1448 | D:3      | Noticed Natasha
  1456 | D:3      | Killed Natasha
  1618 | D:3      | Noticed Natasha
  1625 | D:3      | Killed Natasha
  1626 | D:3      | Reached skill level 4 in Axes
  1779 | D:3      | Reached XP level 5. HP: 38/46 MP: 4/4
  2400 | D:4      | Reached skill level 5 in Axes
  2504 | D:4      | Noticed Blork the orc
  2513 | D:4      | Reached skill level 5 in Armour
  2514 | D:4      | Killed Blork the orc
  2515 | D:4      | Reached XP level 6. HP: 45/53 MP: 5/5
  2888 | D:4      | Reached skill level 6 in Axes
  3002 | D:4      | Reached skill level 5 in Fighting
  3161 | D:4      | Found a blossoming altar of Fedhas.
  3325 | D:4      | Reached skill level 1 in Dodging
  3356 | D:4      | Reached XP level 7. HP: 56/61 MP: 6/6
  3502 | D:5      | Entered Level 5 of the Dungeon
  3556 | D:5      | Found a runed translucent door.
  3600 | D:5      | Reached skill level 7 in Axes
  3607 | D:5      | Shot with an arrow by a centaur

Illustrated notes

Levels and vault maps discovered:
D:1:      lemuel_arrival_room, layout_basic, hellmonk_ecumenical_altar_zigzags,
          nrook_campfire, kennysheep_small_spiral
D:2:      layout_loops_ring, serial_shops, shop, basic_altar
D:3:      layout_basic, uniq_natasha
D:4:      layout_gridville, fedhas_altar_4, uniq_blork_the_orc
D:5:      lemuel_ice_spiral_2, layout_basic, kennysheep_mini_moat,
          nicolae_ossuary_entry_giza, ebering_ghost_reflecting_pool

Skill      XL: |  1  2  3  4  5  6  7 |
---------------+----------------------+-----
Armour         | 4 5 |  5.5
Shields        | 4 |  4.8
Fighting       | 4 5 |  5.2
Axes           | 3 4 5 6 7 |  7.0
Dodging        | 1 |  1.1
Stealth        | |  0.2

Action                     |  1- 3 |  4- 6 |  7- 9 || total
---------------------------+-------+-------+-------++-------
  Melee: War axe           |    47 |    71 |    15 ||   133
         Headbutt          |     5 |     9 |     4 ||    18
    Use: Scroll            |    10 |     2 |     1 ||    13
 Armour: Scale mail        |    24 |    23 |     3 ||    50
  Dodge: Dodged            |    18 |    61 |     8 ||    87
  Block: Buckler           |    15 |    25 |     3 ||    43
